 Dungeon Crawl Stone Soup version 0.27-a0-1500-g450c7e4133 (webtiles) character file.

Game seed: 12721180460179680412

453 spiderkeys the Skirmisher (level 7, -9/49 HPs)
             Began as an Octopode Abyssal Knight on July 7, 2021.
             Was a Believer of Lugonu.
             Mangled by an iguana (10 damage)
             ... on level 4 of the Dungeon.
             The game lasted 00:04:31 (3686 turns).

spiderkeys the Skirmisher (Octopode Abyssal Knight) Turns: 3686, Time: 00:04:32

Health: -9/49      AC:  2    Str: 12    XL:     7   Next: 5%
Magic:  9/9        EV: 14    Int: 14    God:    Lugonu [**....]
Gold:   158        SH:  0    Dex: 13    Spells: 6/6 levels left

rFire    . . .     SeeInvis .   o - +2 dagger (drain)
rCold    . . .     Faith    .   (no shield)
rNeg     . . .     Spirit   .   b - +1 hat
rPois    .         Reflect  .   (no amulet)
rElec    .         Harm     .   (no ring)
rCorr    .         Rampage  .   (no ring)
Will     .....                  (no ring)
Stlth    ++++......             (no ring)
HPRegen  0.16/turn              (no ring)
MPRegen  0.11/turn              (no ring)
                                (no ring)
                                (no ring)

@: no status effects
A: almost no armour, amphibious, 8 rings, camouflage 1, gelatinous body 1,
(nimble swimmer 1), tentacles
a: Renounce Religion, Depart the Abyss, Bend Space


You were on level 4 of the Dungeon.
You worshipped Lugonu.
Lugonu was pleased with you.
You visited 1 branch of the dungeon, and saw 4 of its levels.
You visited the Abyss 1 time.

You collected 158 gold pieces.


Innate Abilities, Weirdness & Mutations

You cannot wear most types of armour.
You are amphibious.
You can wear up to eight rings at the same time.
Your skin changes colour to match your surroundings (Stealth+).
Your rubbery body absorbs attacks. (AC +1, EV +1)
((You are camouflaged near water. (Stealth+)))
You have tentacles for arms and can constrict up to eight enemies at once.


   Skills:
 + Level 4.3 Fighting
 + Level 3.6 Short Blades
 + Level 3.9 Dodging
 + Level 4.1 Stealth
 + Level 3.9 Invocations


You had 6 spell levels left.
You didn't know any spells.
Your spell library contained the following spells:

 Spells                   Type           Power      Damage    Failure   Level
 Beastly Appendage        Tmut           0%         N/A       28%         1
 Wereblood                Tmut           0%         N/A       41%         2
 Spider Form              Tmut/Pois      0%         N/A       65%         3

Inventory:

Hand Weapons
 a - a +1 short sword
 o - a +2 dagger of draining (weapon)
   (You took it off an orc wizard on level 4 of the Dungeon)
Missiles
 c - 95 stones
 d - 12 bolts
 k - 38 arrows
 m - 47 sling bullets
 p - 4 boomerangs
Armour
 b - a +1 hat (worn)
   (You found it on level 2 of the Abyss)
Scrolls
 e - 2 scrolls of fog
 f - a scroll of torment {!r}
 h - a scroll of brand weapon {unknown}
 i - 2 scrolls of teleportation {@r4}
 j - 2 scrolls of identify {@r1}
Potions
 g - a potion of degeneration {!q}
 l - 2 potions of curing {@q1}
 n - a potion of haste {unknown}

Dungeon Overview and Level Annotations

Branches:
Dungeon (4/15)
 Temple: D:4-7

Altars:
Wu Jian

......#...........
......†>..............
.......)†##...........
....<)...##..........
...................##
...)##..#...........###.
...####.................
...###..................
..##.##.##.....)@..#
..[.....####...l.?..#
.........# #.........#
.$...............##....#
..................#...##
...#...........^......#
.)##..........#.....###
..............#.....#
..........


You could see an iguana.


Message History

A dart slug comes into view.
The dart slug launches a dart at you. The slug dart misses you.
You hit the orc but do no damage. Your grab misses the orc.
You squeeze the orc. You hit the orc but do no damage. You grab the orc.
You constrict the orc, but do no damage.
The orc misses you. x2
You hit the orc but do no damage. You drain the orc.
You kill the orc!
Lugonu accepts your kill. The orc misses you.
You barely miss the hobgoblin. Your grab misses the hobgoblin.
The hobgoblin barely misses you. The hobgoblin closely misses you.
The orc misses you.
You closely miss the hobgoblin. You grab the hobgoblin.
You constrict the hobgoblin. The hobgoblin hits you.
The hobgoblin closely misses you.
The orc hits you with a +0 hand axe. 😕 HP[-6]
You take 6 damage, and now have 37/43 hp.
You hit the hobgoblin.
You kill the hobgoblin!
Lugonu accepts your kill. The hobgoblin misses you.
The orc hits you with a +0 hand axe. 😮 HP[-5]
You take 5 damage, and now have 32/43 hp.
You are too injured to fight recklessly!
You are too injured to fight recklessly!
You are too injured to fight recklessly!
You are too injured to fight recklessly!
You are too injured to fight recklessly!
You hit the orc. You grab the orc. You squeeze the orc.
You kill the orc!
Lugonu accepts your kill. The hobgoblin hits you. 😮 HP[-2]
You take 2 damage, and now have 30/43 hp.
The hobgoblin closely misses you.
Things that are here:
a +0 hand axe; a +0 scale mail You closely miss the hobgoblin.
Your grab misses the hobgoblin.
You squeeze the hobgoblin, but do no damage.
The hobgoblin hits you. 😮 HP[-1]
You take 1 damage, and now have 29/43 hp.
You hit the hobgoblin. You drain the hobgoblin.
You kill the hobgoblin!
Lugonu accepts your kill. The dart slug closely misses you.
You hit the dart slug. You drain the dart slug. You grab the dart slug.
You constrict the dart slug. You hit the dart slug.
You kill the dart slug!
Lugonu accepts your kill.
You see here a dart slug corpse.
Key pressed, stopping explore.
Key pressed, stopping explore.
There is a stone staircase leading down, spattered with blood here.
Things that are here:
a +0 mace; a +1 chain mail of fire resistance; a hobgoblin corpse 😎 HP[+14]
Your hp is fully restored (43).
You see here a dart slug corpse.
An ogre comes into view. It is wielding a +0 giant club.
The ogre shouts!
An ogre is nearby!
An ogre is nearby!
An iguana comes into view.
The ogre misses you.
The iguana hisses angrily.
You hit the ogre. You drain the ogre. The ogre misses you.
You completely miss the ogre. You squeeze the ogre. You hit the ogre.
The iguana hisses menacingly.
The ogre hits you with a +0 giant club!!
Ouch! That really hurt!
* * * LOW HITPOINT WARNING * * *
😨 HP[-22]
You take 22 damage, and now have 21/43 hp.
MASSIVE DAMAGE!! (PAUSE)
You closely miss the ogre. You squeeze the ogre! 😮 HP[+1]
You hit the ogre.
The ogre hits you with a +0 giant club!!
* * * LOW HITPOINT WARNING * * *
The iguana closely misses you. 😱 HP[-21]
You take 21 damage, and now have 1/43 hp.
MASSIVE DAMAGE!! (PAUSE)
You hit the ogre but do no damage. You drain the ogre.
The ogre closely misses you. The iguana closely misses you.
You hit the ogre. You drain the ogre.
You kill the ogre!
Lugonu accepts your kill.
Your Stealth skill increases to level 4!
You have reached level 7!
The iguana closely misses you.
You see here a +0 giant club.
The iguana bites you!
You die...

Skill      XL: |  1  2  3  4  5  6 |
---------------+-------------------+-----
Stealth        | 1 2 3 4 |  4.1
Dodging        | 3 |  3.9
Invocations    | 3 |  3.9
Short Blades   | 3 |  3.6
Fighting       | 4 |  4.3

Action                   |  1- 3 |  4- 6 |  7- 9 || total
-------------------------+-------+-------+-------++-------
Melee: Short sword       |    63 |    76 |       ||   139
       Constrict         |    14 |    20 |       ||    34
       Tentacles         |     5 |    16 |       ||    21
       Dagger            |       |    36 |       ||    36
Invok: Depart the Abyss  |     1 |       |       ||     1
  Use: Scroll            |     4 |     3 |       ||     7
       Potion            |       |     1 |       ||     1
 Stab: Sleeping          |     8 |     4 |       ||    12
       Distracted        |     1 |       |       ||     1
Armor: Skin              |     9 |    31 |       ||    40
Dodge: Dodged            |    40 |    48 |     1 ||    89

Levels and vault maps discovered:
D:1:      arrival_aquarium_b, layout_loops_cross, ebering_ecumenical_altar_mist,
          serial_co_window_serial, co_window_of_opportunity_a,
          co_window_of_opportunity_a, co_window_corner_a, co_window_paths_b,
          co_window_paths_a, co_window_of_opportunity_c,
          co_window_of_opportunity_c, co_window_broadway_c, co_window_2corner,
          co_window_paths_c, glass_columns_a, glass_columns_b, glass_columns_a,
          glass_columns_a, nrook_campfire
D:2:      layout_loops_ring, basic_altar
D:3:      layout_rooms, uniq_jessica
D:4:      layout_cave_pools, uniq_crazy_yiuf_cottage

Notes
Turn   | Place    | Note
-------+----------+-------------------------------------------
     0 | Abyss:1  | spiderkeys the Octopode Abyssal Knight began the quest for
                  | the Orb.
     0 | Abyss:1  | Reached XP level 1. HP: 16/16 MP: 2/2
     0 | Abyss:1  | magus.rc [v1.9.10]
    12 | Abyss:1  | Found a corrupted altar of Lugonu.
    56 | Abyss:2  | Noticed a water elemental
    62 | Abyss:2  | Noticed a starcursed mass
    68 | Abyss:2  | Noticed a large abomination
    69 | D:1      | You pass through the gate.
    69 | D:1      | Escaped the Abyss
   184 | D:1      | Noticed an electric eel
   185 | D:1      | Noticed an electric eel
   465 | D:1      | Reached XP level 2. HP: 21/21 MP: 3/3
   553 | D:1      | Reached * piety under Lugonu
   651 | D:1      | You pick up a book of Changes and begin reading...
   651 | D:1      | You add the spells Beastly Appendage, Wereblood and Spider
                  | Form to your library.
   901 | D:1      | You pick up a book of Changes and begin reading...
   958 | D:1      | Reached skill level 1 in Stealth
  1088 | D:1      | Found a faded altar of an unknown god.
  1309 | D:2      | Reached XP level 3. HP: 20/26 MP: 4/4
  1866 | D:2      | Reached XP level 4. HP: 31/31 MP: 5/5
  2059 | D:2      | Found an ornate altar of the Wu Jian Council.
  2185 | D:3      | Noticed a phantom
  2191 | D:3      | Noticed Jessica
  2362 | D:2      | Reached skill level 2 in Stealth
  2601 | D:3      | Killed a phantom
  2602 | D:3      | Reached skill level 3 in Dodging
  2602 | D:3      | Reached skill level 3 in Invocations
  2602 | D:3      | Reached XP level 5. HP: 29/37 MP: 7/7
  2630 | D:3      | Killed Jessica
  2631 | D:3      | Reached skill level 3 in Short Blades
  2862 | D:3      | Reached ** piety under Lugonu
  2983 | D:3      | Reached skill level 3 in Stealth
  3296 | D:4      | Reached skill level 4 in Fighting
  3296 | D:4      | Reached XP level 6. HP: 36/43 MP: 8/8
  3548 | D:4      | Identified the +8 plate armour of Pekis {rElec rF+ Will-}
  3682 | D:4      | HP: 1/43 [ogre (21)]
  3685 | D:4      | Reached skill level 4 in Stealth
  3685 | D:4      | Reached XP level 7. HP: 1/49 MP: 9/9
  3686 | D:4      | Mangled by an iguana

Vanquished Creatures
  2 ogres (D:4)
  A phantom (D:3)
  An orc priest (D:4)
  Jessica (D:3)
  An orc wizard (D:4)
  A hound skeleton (D:4)
  3 adders (D:2)
  2 dart slugs
  6 orcs
  5 endoplasms
  5 giant cockroaches
  8 goblins
  8 hobgoblins
  2 jackals (D:2)
  6 kobolds
  2 quokkas (D:2)
  3 ball pythons
  5 bats
  4 frilled lizards
  4 rats
70 creatures vanquished.

Table legend:
 A = Non-vault XP
 B = Vault XP
 C = Vault XP percentage of total XP
 D = Non-vault monster count
 E = Vault monster count
 F = Vault count percentage of total count
                 A         B        C        D         E       F
            +---------+---------+-------+---------+---------+-------
      Total |     611 |      37 |   5.7 |      69 |       1 |   1.4
            +---------+---------+-------+---------+---------+-------
        D:1 |      25 |       0 |   0.0 |      15 |       0 |   0.0
        D:2 |      78 |       0 |   0.0 |      24 |       0 |   0.0
        D:3 |     131 |      37 |  22.0 |      14 |       1 |   6.7
        D:4 |     377 |       0 |   0.0 |      16 |       0 |   0.0
            +---------+---------+-------+---------+---------+-------

Illustrated notes

Table legend:
 A = Kills in this place as a percentage of kills in entire the game.
 B = Kills by you in this place as a percentage of kills by you in the entire game.
 C = Kills by friends in this place as a percentage of kills by friends in the entire game.
 D = Other kills in this place as a percentage of other kills in the entire game.
 E = Experience gained in this place as a percentage of experience gained in the entire game.
 F = Experience gained in this place divided by the number of levels of this place that you have seen.
                   A       B       C       D       E      F
               +-------+-------+-------+-------+-------+----------------------
         Total | 100.0 | 100.0 |   N/A |   N/A | 100.0 | 108.0
       Dungeon | 100.0 | 100.0 |   N/A |   N/A | 100.0 | 162.0
               +-------+-------+-------+-------+-------+----------------------

Table legend: (Time is in decaauts)
 A = Elapsed time spent in this place.
 B = Non-inter-level travel time spent in this place.
 C = Inter-level travel time spent in this place.
 D = Time resting spent in this place.
 E = Time spent auto-exploring this place.
 F = Levels seen in this place.
 G = Mean time per level.
                   A        B        C        D        E       F      G
               +--------+--------+--------+--------+--------+-----+--------+
         Total |   3676 |   3533 |    143 |    547 |   2426 |   6 |  612.7 |
       Dungeon |   3607 |   3464 |    143 |    547 |   2421 |   4 |  901.8 |
         Abyss |     68 |     68 |      0 |      0 |      5 |   2 |   34.0 |
               +--------+--------+--------+--------+--------+-----+--------+

Top non-repeatable levels by time:
     D:2: 1178 daAuts
     D:1: 1175 daAuts
     D:3: 782 daAuts
     D:4: 470 daAuts
 Abyss:2: 52 daAuts
 Abyss:1: 16 daAuts
